 Dungeon Crawl Stone Soup version 0.28-a0-439-g4cf4cd4993 (webtiles) character file.

Game seed: 2638869044559763086

688 Edwin the Ducker (level 7, 0/45 HPs)
             Began as a Djinni Fire Elementalist on Aug 3, 2021.
             Was an Initiate of Makhleb.
             Slain by a white imp (1 damage)
             ... summoned by Eustachio
             ... on level 5 of the Dungeon on Sept 11, 2021.
             The game lasted 00:24:29 (6501 turns).

Edwin the Ducker (Djinni Fire Elementalist)         Turns: 6501, Time: 00:24:30

Health: 0/45       AC:  2    Str:  6 (7)  XL:     7   Next: 94%
Gold:   168        EV: 13    Int: 17 (18) God:    Makhleb [......] SH:  5 Dex: 11 (14)

rFire   + + .      SeeInvis .   (no weapon)
rCold   x . .      Faith    .   (no shield)
rNeg    . . .      Spirit   .   a - +0 robe
rPois   ∞          Reflect  +   (no helmet)
rElec   .          Harm     .   (no cloak)
rCorr   .          Rampage  .   (no gloves)
Will    ++...                   (boots unavailable)
Stlth   ++........              d - amulet of reflection
HPRegen 0.15/turn               k - ring of willpower
MPRegen 0.00/turn               l - ring of willpower

@: flying, very slightly contaminated
A: sickness immunity, fire resistance 2, cold vulnerability 1, float, innate
caster, hp casting, extra vitality 1
a: Renounce Religion


You were on level 5 of the Dungeon.
You worshipped Makhleb.
Makhleb was noncommittal.
You visited 2 branches of the dungeon, and saw 6 of its levels.

You collected 168 gold pieces.

Inventory:

Missiles
 j - 16 poisoned darts
Armour
 a - a +0 robe (worn)
Jewellery
 d - an amulet of reflection (around neck)
 k - a ring of willpower (left hand)
 l - a ring of willpower (right hand)
Scrolls
 b - 3 scrolls of identify {unknown}
 c - a scroll of silence {unknown}
 f - a scroll of fear {unknown}
 i - a scroll of teleportation {unknown}
 m - a scroll of enchant armour {unknown}
 n - a scroll of blinking {unknown}
Potions
 e - a potion of flight {unknown}
 g - a potion of degeneration
 h - a potion of magic {unknown}


   Skills:
 + Level 5.5 Dodging
 - Level 2.2 Stealth
 * Level 5.4 Spellcasting


You couldn't memorise any spells.
You knew the following spells:

 Your Spells              Type           Power      Damage    Failure   Level
a - Foxfire               Conj/Fire      92%        2x1d8     1%          1
b - Conjure Flame         Conj/Fire      23%        6-21      4%          3
c - Inner Flame           Hex/Fire       23%        N/A       4%          3
d - Sticky Flame          Conj/Fire      23%        2d4       14%         4
e - Fireball              Conj/Fire      11%        3d7       38%         5
f - Pain                  Necr           92%        1d8       1%          1
g - Slow                  Hex            23%        N/A       2%          2
h - Dazzling Flash        Conj/Hex       46%        N/A       4%          3
Your spell library was empty.

Dungeon Overview and Level Annotations

Branches:
Dungeon (5/15)             Temple (1/1) D:5

Altars:
Elyvilon
Fedhas
Gozag
Hepliaklqana
Makhleb
Nemelex Xobeh
Okawaru
Qazlal
Ru
Sif Muna
Trog
Uskayaw
Vehumet
Wu Jian
Yredelemnul
Zin
The Shining One

Annotations:
D:3 3 runed translucent doors, Decipherer's ghost, amateur MiBe
D:5 Eustachio


Innate Abilities, Weirdness & Mutations

You are immune to sickness and miasma.
You are immune to poison.
Your flesh is very heat resistant. (rF++)
You are vulnerable to cold. (rC-)
You float through the air rather than walking.
You learn spells naturally, not from books.
Your magical power is your life essence.
You have superior vitality. (+4 HP)


Message History

The spell is extremely dangerous to cast (36% risk of failure)!
Continue anyway?
Aiming: Fireball (extremely dangerous; 36% risk of failure)
Press: ? - help, Shift-Dir - straight line The fireball explodes!
The fireball engulfs the rat!
You kill the rat!
The rat's corpse disappears in a puff of smoke!
The fireball engulfs something!
Makhleb accepts your kill.
Reactivating autopickup.
You feel a bit more experienced.
The fireball engulfs Eustachio!
Eustachio is severely wounded.
Eustachio mumbles some strange words.
Unknown command.
Unknown command.
Casting: Fireball (extremely dangerous; 36% risk of failure)
Confirm with . or Enter, or press ? or * to list all spells.
The spell is extremely dangerous to cast (36% risk of failure)!
Continue anyway? [Y]es or [N]o only, please.
The spell is extremely dangerous to cast (36% risk of failure)!
Continue anyway?
Aiming: Fireball (extremely dangerous; 36% risk of failure)
Press: ? - help, Shift-Dir - straight line You miscast Fireball.
You are very lightly contaminated with residual magic.
The air around you crackles with energy!
* * * LOW HITPOINT WARNING * * *
x2 Eustachio gestures wildly while chanting.
The crimson imp blinks!
Unknown command.
Unknown command.
The shadow imp disappears in a puff of smoke!
The white imp gestures at you. The puff of frost hits you!
You feel a terrible chill!
* * * LOW HITPOINT WARNING * * *
The crimson imp blinks!
It was a potion of degeneration.
There was something very wrong with that liquid.
You feel weakened.
You feel dopey.
You feel clumsy.
Eustachio screams, "This atrocity can only be purified with blood!"
The white imp hits you.
You die...

######.#..# ..... #.#..#
..... #.#..## ...o..
##...... ....oo #+#
#.......#. .....w###### #.#
#.##...... .......w.§# #.#
#.#.......
#.....5###.########.#.#..#..
#...)o....o@..........#..#.#
#####...o@5##.....#.........
#......##.....#.#.#..#..
#......##.....'......#..
#..§...##.....#.#.#.##..
#......##.....#.#.#.##.#
#....5.##.....#(.......#
#......##.....#####.##..
#......##.....# #.....


You could see Eustachio, an orc priest, a crimson imp (summoned), a white imp
(summoned), a shadow imp (summoned) and 2 orcs.

Vanquished Creatures
  Menkaure (D:5)
  An ogre (D:4)
  A scorpion (D:5)
  2 water moccasin skeletons
  A bullfrog zombie (D:5)
  A jelly (D:4)
  2 orc priests
  2 iguanas
  3 orc wizards (D:5)
  3 adders
  A worm (D:2)
  2 dart slugs
  4 orcs
  3 ball pythons
  7 endoplasms
  7 giant cockroaches
  7 goblins
  5 hobgoblins
  6 jackals (D:3)
  5 quokkas
  7 bats
  3 frilled lizards
  5 kobolds
  5 rats
84 creatures vanquished.

Vanquished Creatures (collateral kills)
  3 foxfires (D:3)
3 creatures vanquished.

Vanquished Creatures (others)
  349 foxfires
  13 fungi (D:3)
362 creatures vanquished.

Grand Total: 449 creatures vanquished

Notes
Turn   | Place    | Note
-------+----------+-------------------------------------------
     0 | D:1      | Edwin the Djinni Fire Elementalist began the quest for the
                  | Orb.
     0 | D:1      | Reached XP level 1. HP: 15/15 MP: 0/0
   181 | D:1      | Found a faded altar of an unknown god.
   254 | D:1      | Reached XP level 2. HP: 6/21 MP: 0/0
  1108 | D:1      | Reached XP level 3. HP: 23/25 MP: 0/0
  1108 | D:1      | Learned a level 1 spell: Pain
  1457 | D:1      | Upgraded the game from 0.28-a0-79-g444c7a33f5 to
                  | 0.28-a0-439-g4cf4cd4993
  2237 | D:2      | Reached XP level 4. HP: 28/31 MP: 0/0
  3249 | D:3      | Found a sparkling altar of Nemelex Xobeh.
  3365 | D:3      | Reached XP level 5. HP: 16/35 MP: 0/0
  3365 | D:3      | Learned a level 2 spell: Slow
  3708 | D:3      | Found a runed translucent gate.
  3708 | D:3      | Found a runed translucent gate.
  3708 | D:3      | Found a runed translucent gate.
  3709 | D:3      | Noticed Decipherer's ghost (amateur MiBe)
  4234 | D:4      | Noticed an ogre
  4500 | D:4      | Reached XP level 6. HP: 28/40 MP: 0/0
  4836 | D:4      | Killed an ogre
  5418 | D:5      | Entered Level 5 of the Dungeon
  5432 | D:5      | Noticed a water moccasin
  5677 | D:5      | Reached XP level 7. HP: 38/45 MP: 0/0
  5677 | D:5      | Learned a level 3 spell: Dazzling Flash
  5848 | D:5      | Found a staircase to the Ecumenical Temple.
  5854 | Temple   | Entered the Ecumenical Temple
  6035 | Temple   | Became a worshipper of Makhleb the Destroyer
  6068 | D:5      | Reached skill level 5 in Dodging
  6143 | D:5      | Noticed Menkaure
  6149 | D:5      | Killed Menkaure
  6150 | D:5      | Reached skill level 5 in Spellcasting
  6482 | D:5      | Noticed Eustachio
  6499 | D:5      | HP: 1/45 [white imp/puff of frost[Eustachio] (10)]
  6501 | D:5      | Slain by a white imp

Illustrated notes

Levels and vault maps discovered:
D:1:      amcnicky_arrival_gap_in_the_tavern_cellar, layout_loops_ring,
          shapermc_ecumenical_altar_notcrosses, grunt_decor_resistance
D:2:      layout_rooms
D:3:      layout_basic, mainiacjoe_overflow_cross_hatched,
          gammafunk_ghost_necromancy
D:4:      layout_basic, serial_corexii_hall, corexii_hall_statues_i,
          chequers_hall_statues_wall_a, corexii_corridor_pit,
          corexii_leaking_fountain
D:5:      layout_basic, minmay_temple_entry_fiery, uniq_menkaure, uniq_edmund,
          uniq_eustachio
Temple:   eino_temple_rhombus

Skill      XL: |  1  2  3  4  5  6  7 |
---------------+----------------------+-----
Stealth        | 2 |  2.2
Dodging        | 3 4 5 |  5.5
Spellcasting   | 3 4 5 |  5.4

Action                   |  1- 3 |  4- 6 |  7- 9 || total
-------------------------+-------+-------+-------++-------
Melee: Unarmed           |     4 |     5 |     1 ||    10
 Cast: Foxfire           |    73 |   114 |    34 ||   221
       Pain              |       |    21 |       ||    21
       Fireball          |       |       |     2 ||     2
       Slow              |       |       |     1 ||     1
  Use: Potion            |       |       |     1 ||     1
Armor: Robe              |    10 |     7 |       ||    17
Dodge: Dodged            |    17 |    14 |     2 ||    33
Block: Other             |     3 |     7 |     1 ||    11
       Reflection        |     2 |       |       ||     2

Table legend: (Time is in decaauts)
 A = Elapsed time spent in this place.
 B = Non-inter-level travel time spent in this place.
 C = Inter-level travel time spent in this place.
 D = Time resting spent in this place.
 E = Time spent auto-exploring this place.
 F = Levels seen in this place.
 G = Mean time per level.
                   A        B        C        D        E       F      G
               +--------+--------+--------+--------+--------+-----+--------+
         Total |   6504 |   6273 |    231 |   2294 |   3012 |   6 | 1084.0 |
       Dungeon |   6316 |   6100 |    216 |   2294 |   2885 |   5 | 1263.2 |
        Temple |    187 |    172 |     15 |      0 |    127 |   1 |  187.0 |
               +--------+--------+--------+--------+--------+-----+--------+

Top non-repeatable levels by time:
     D:1: 1506 daAuts
     D:3: 1412 daAuts
     D:2: 1345 daAuts
     D:4: 1244 daAuts
     D:5: 808 daAuts
  Temple: 187 daAuts
